 Dungeon Crawl Stone Soup version 0.17.0-28-g6e173f8 (webtiles) character file.

213048 Tanksenior the Peltast (level 19, -2/153 HPs)
             Began as a Formicid Fighter on Dec 2, 2015.
             Was the Champion of Cheibriados.
             Slain by a jumping spider (17 damage)
             ... on level 4 of the Spider Nest.
             The game lasted 03:16:04 (35499 turns).

Tanksenior the Peltast (Formicid Fighter)          Turns: 35499, Time: 03:16:04

Health: -2/153     AC: 16    Str: 41    XL:     19   Next: 66%
Magic:  18/27      EV: 31    Int: 23    God:    Cheibriados [******]
Gold:   1839       SH: 22    Dex: 36    Spells: 5 memorised, 13 levels left

rFire  + . .     SeeInvis +     S - +4 battleaxe (chop)
rCold  . . .     Clarity  +     N - +2 leather armour "Issiase" {Str+3 Slay+5}
rNeg   . . .     SustAt   .     w - +3 shield
rPois  .         Gourm    .     (helmet unavailable)
rElec  .         Spirit   .     j - +0 cloak
rCorr  .         Warding  .     t - +1 pair of gloves
rMut   .         Stasis   +     O - +2 pair of boots {Fly}
MR     +....                    V - amulet of regeneration
Stlth  ++++......               Z - +5 ring of dexterity
                                o - ring of stealth

@: lethally poisoned (-2 -> -17), flying, very slow, somewhat resistant to
hostile enchantments, stealthy
A: permanent stasis, dig shafts and tunnels, four strong arms, antennae 3,
talons 1, thin metallic scales 1, clarity, fire resistance 1, wild magic 1
a: Dig, Shaft Self, Bend Time, Temporal Distortion, Slouch, Step From Time,
Renounce Religion, Stop Flying
}: 1/15 runes: decaying


You were on level 4 of the Spider Nest.
You worshipped Cheibriados.
Cheibriados was exalted by your worship.
You were very hungry.

You visited 6 branches of the dungeon, and saw 36 of its levels.
You also visited: Ice Cave.

You collected 3161 gold pieces.
You spent 1322 gold pieces at shops.

Inventory:

Hand Weapons
 f - the +3 broad axe of Incongruity {chop, rC+}
   (You acquired it on level 4 of the Orcish Mines)

   It inflicts extra damage upon your enemies.
   It protects you from cold.
 n - the +6 whip of Olipp {freeze, Str+5 Int+4 Dex-5}
   (You found it on level 12 of the Dungeon)

   It has been specially enchanted to freeze those struck by it, causing extra
   injury to most foes and up to half again as much damage against particularly
   susceptible opponents.
   It can also slow down cold-blooded creatures.
   It affects your strength (+5).
   It affects your intelligence (+4).
   It affects your dexterity (-5).
 S - a +4 battleaxe of chopping (weapon)
Armour
 j - a +0 cloak (worn)
 t - a +1 pair of gloves (worn)
 w - a +3 shield (worn)
 B - the +1 plate armour of Pathos {Int+4}
   (You found it on level 4 of the Dungeon)

   It affects your intelligence (+4).
 N - the +2 leather armour "Issiase" (worn) {Str+3 Slay+5}
   (You found it on level 3 of the Lair of Beasts)

   It affects your strength (+3).
   It affects your accuracy and damage with ranged weapons and melee attacks
   (+5).
 O - a +2 pair of boots of flying (worn)
 R - a +1 plate armour of cold resistance
Jewellery
 i - the ring "Ytaemor" {+/*Tele rElec rN+}
   (You found it on level 13 of the Dungeon)

   [ring of teleportation]

   It may teleport you to nearby monsters, and can be evoked to randomly
   teleport.
   It insulates you from electricity.
   It protects you from negative energy.
 l - an uncursed amulet of resist mutation
 o - a ring of stealth (left hand)
 G - an uncursed amulet of resist corrosion
 H - an uncursed ring of protection from cold
 L - an uncursed amulet of guardian spirit
 U - an uncursed ring of positive energy
 V - an amulet of regeneration (around neck)
 Y - an uncursed ring of fire
 Z - a +5 ring of dexterity (right hand)
Wands
 r - a wand of digging (5)
 J - a wand of paralysis (10)
 K - a wand of enslavement (9)
 W - a wand of confusion (9)
Scrolls
 g - 17 scrolls of remove curse
 q - 6 scrolls of enchant weapon
 s - 5 scrolls of fog
 u - 6 scrolls of recharging
 v - 2 scrolls of fear
 C - 6 scrolls of magic mapping
 P - a scroll of summoning
Potions
 d - 5 potions of might
 h - 6 potions of curing
 k - 3 potions of magic
 p - 4 potions of flight
 x - 4 potions of invisibility
 z - 2 potions of brilliance
 A - 3 potions of mutation
 D - 3 potions of heal wounds
 E - 4 potions of agility
 F - 3 potions of resistance
 I - 6 potions of lignification
 M - 4 potions of cancellation
 Q - a potion of cure mutation
Miscellaneous
 y - a phantom mirror
Comestibles
 a - 10 meat rations
 b - a slice of pizza
 e - 24 bread rations
 X - 7 beef jerkies


   Skills:
 * Level 14.3 Fighting
 * Level 15.8 Axes
 + Level 13.5 Armour
 * Level 13.5 Dodging
 - Level 2.7 Stealth
 + Level 15.9 Shields
 * Level 5.1 Spellcasting
 * Level 6.3 Transmutations
 * Level 6.7 Poison Magic
 - Level 11.0 Invocations
 + Level 0.2 Evocations


You had 13 spell levels left.
You knew the following spells:

 Your Spells              Type           Power        Failure   Level  Hunger
a - Corona                Hex            #......      22%         1    None
b - Confuse               Hex            #.......     50%         3    ##.....
c - Alistair's Intoxicat  Trmt/Pois      ######..     19%         4    ####...
d - Petrify               Trmt/Erth      ####....     45%         4    ####...
e - Spider Form           Trmt/Pois      ######....   5%          3    ##.....


Dungeon Overview and Level Annotations

Branches:
Dungeon (15/15)            Temple (1/1) D:5            Lair (8/8) D:11
  Swamp (4/4) Lair:6       Spider (4/4) Lair:3        Slime (0/6) Lair:7
    Orc (4/4) D:10            Elf (0/3) Orc:4        Vaults (0/5) D:13
 Depths (0/5) D:15

Altars:
Ashenzari
Cheibriados
Dithmenos
Elyvilon
Fedhas
Gozag
Kikubaaqudgha
Makhleb
Nemelex Xobeh
Okawaru
Qazlal
Ru
Sif Muna
Trog
Vehumet
Xom
Yredelemnul
Zin
The Shining One
Beogh
Jiyva

Shops:
D:4 *   D:9 *   D:12 :   Orc:4 *%?[


Innate Abilities, Weirdness & Mutations

You are under a permanent stasis effect.
You can dig through walls and to a lower floor.
Your four strong arms can wield two-handed weapons with a shield.
You have a pair of large antennae on your head (SInv).
You have sharp toenails.
You are partially covered in thin metallic scales (AC +2).
You possess an exceptional clarity of mind.
Your flesh is heat resistant.
Your spells are a little harder to cast, but a little more powerful.


Message History

You block the emperor scorpion's attack.
The wolf spider hits you but does no damage.
You block the wolf spider's attack. The wolf spider closely misses you.
The wolf spider misses you. The emperor scorpion stings you!
* * * LOW HITPOINT WARNING * * *
The emperor scorpion completely misses you.
You block the emperor scorpion's attack.
The jumping spider misses you.
The jumping spider completely misses you.
Read which item? (? for menu, Esc to quit)
As you read the scroll of fear, it crumbles to dust.
You assume a fearsome visage.
The wolf spider looks frightened!
The orb spider looks frightened!
The jumping spider resists with some effort.
The emperor scorpion looks frightened!
The wolf spider looks frightened!
The emperor scorpion looks frightened!
The wolf spider looks frightened!
* * * LOW HITPOINT WARNING * * *
You feel very sick. The jumping spider pounces on you!
You die...

.. ^†... .. ^^...
########. . ..†. {
########.....^^. ..
^.^#####^^...^.....^...
..^##..s.≈......#.........
.........s................
....†...s†s....†#^...^....
^......ss@.......^≈≈^^..^.
........s.....^^≈########.
.......##.^..^≈####^.^≈...
...^##. ##.^^### ##......
... .. ##### ##..... ..
^.s {#..!). . .{.$ {{
##.... ..... { { #....
#.^..


You could see 2 emperor scorpions, 3 wolf spiders, an orb spider (fleeing) and a
jumping spider.

Vanquished Creatures
  An Ice Fiend (IceCv)
  Gastronok (Lair:1)
  6 thorn hunters
  The ghost of Kloppie the Bludgeoner, a journeyman OgFi of the Shining One (Swamp:1)
  Wiglaf (Spider:3)
  A ghost moth (Spider:4)
  Aizul (Spider:2)
  An orc warlord (Orc:4)
  An emperor scorpion (Spider:1)
  A stone giant (Orc:4)
  Snorg (Lair:6)
  The ghost of Gargoyl the Cleaver, a journeyman DsAK of Lugonu (Orc:4)
  Josephine (D:14)
  32 hydras
  A fire dragon (D:15)
  2 entropy weavers
  Harold (D:11)
  A catoblepas (D:12)
  2 centaur warriors
  4 ghost crabs
  8 alligators
  4 orc high priests (Orc:4)
  Nergalle (Orc:3)
  6 skeletal warriors
  5 ice devils (IceCv)
  4 hill giants
  7 orb spiders
  A phantasmal warrior (D:15)
  A tengu zombie (D:15)
  3 shambling mangroves
  2 deep elf conjurers
  9 swamp dragons
  2 unseen horrors (D:13)
  2 griffons
  2 necromancers
  A cyclops (D:11)
  6 orc knights
  8 hornets
  4 orc sorcerers (Orc:4)
  2 manticores (D:12)
  21 wolf spiders
  A tengu skeleton (D:15)
  11 ugly things
  8 black mambas
  A frost giant skeleton (D:15)
  A moth of wrath (Spider:2)
  Joseph (D:10)
  2 gargoyles
  5 elephants (Lair:7)
  4 ice statues (IceCv)
  A torpor snail (Spider:1)
  2 fire drakes
  14 spiny frogs
  10 komodo dragons
  2 anaconda simulacra (IceCv)
  A redback zombie (D:13)
  10 demonic crawlers
  An efreet (D:14)
  2 golden dragon simulacra (IceCv)
  A yaktaur (D:15)
  A guardian mummy (D:15)
  3 spriggan druids
  19 jumping spiders
  4 giant leeches
  2 tengu conjurers (D:13)
  4 blue devils (IceCv)
  16 bog bodies
  6 polar bears
  20 blink frogs
  11 trolls
  A trapdoor spider zombie (D:12)
  5 two-headed ogres
  A boulder beetle (Spider:2)
  An ice dragon zombie (D:15)
  34 slime creatures
  A shadow (Swamp:3)
  17 tarantellas
  15 trapdoor spiders
  5 wraiths
  62 redbacks
  A dire elephant simulacrum (IceCv)
  2 deep elf magi (D:12)
  A wyvern (D:9)
  16 spriggans
  A steam dragon (D:12)
  40 yaks
  2 deep elf fighters
  5 basilisks
  12 hippogriffs
  12 vampire mosquitoes
  33 wolves
  A hydra simulacrum (IceCv)
  4 wargs (Orc:4)
  A soldier ant (D:14)
  12 porcupines
  10 insubstantial wisps
  2 harpy simulacra (IceCv)
  19 swamp worms
  12 water moccasins
  An iron troll simulacrum (IceCv)
  52 orc warriors
  10 swamp drakes
  2 ice beasts
  An eye of draining (D:14)
  4 phantoms
  9 spiders
  A hornet simulacrum (D:14)
  12 wasps
  A necrophage (D:7)
  9 black bears (Lair:8)
  An ettin simulacrum (IceCv)
  14 ogres
  23 centaurs
  2 sky beasts
  19 big kobolds
  15 crocodiles
  3 elf skeletons (D:7)
  A water moccasin zombie (D:7)
  2 brain worms
  2 gnoll sergeants
  14 giant frogs
  6 scorpions
  4 killer bees (D:9)
  4 wights
  2 electric eels (Spider:1)
  4 crimson imps (D:4)
  2 centaur zombies
  A giant frog zombie (D:5)
  7 hounds
  2 quasits
  7 centaur skeletons
  45 orc priests
  A giant frog skeleton (D:11)
  3 jellies
  8 worker ants
  4 gnoll shamans (D:9)
  4 iguanas
  30 orc wizards
  2 human skeletons (D:7)
  11 sheep
  57 river rats
  26 gnolls
  8 adders
  12 white imps (Swamp:4)
  3 shadow imps
  4 oozes
  5 adder skeletons
  7 worms
  2 giant geckos
  231 orcs
  10 bats
  6 giant cockroaches
  12 hobgoblins
  17 jackals
  33 kobolds
  4 quokkas
  3 ball pythons
  A giant gecko skeleton (D:5)
  2 giant newts
  6 goblins
  A jackal skeleton (D:5)
  An orc skeleton (D:7)
  12 rats
  8 fungi
  5 plants
1473 creatures vanquished.

Vanquished Creatures (others)
  2 hydras (Swamp:4)
  An alligator (Swamp:4)
  A wizard (D:13)
  A swamp dragon (Swamp:4)
  A tarantella (Spider:4)
  2 swamp drakes (Swamp:4)
  An adder (D:10)
  76 fungi
  19 plants
104 creatures vanquished.

Grand Total: 1577 creatures vanquished

Notes
Turn   | Place    | Note
--------------------------------------------------------------
     0 | D:1      | Tanksenior the Formicid Fighter began the quest for the Orb.
     0 | D:1      | Reached XP level 1. HP: 18/18 MP: 1/1
   240 | D:1      | Reached XP level 2. HP: 24/24 MP: 2/2
   755 | D:2      | Reached XP level 3. HP: 25/29 MP: 3/3
   864 | D:2      | Reached skill level 1 in Dodging
  1091 | D:2      | Reached skill level 4 in Shields
  1131 | D:2      | Reached XP level 4. HP: 30/37 MP: 4/4
  1561 | D:3      | Reached XP level 5. HP: 42/42 MP: 5/5
  1906 | D:3      | Found a blossoming altar of Fedhas.
  2250 | D:3      | You fall through a shaft for 2 floors!
  2250 | D:5      | Entered Level 5 of the Dungeon
  2409 | D:5      | Got a fine chain mail
  2421 | D:5      | Identified the cursed +0 chain mail of Cocytus {Dex+4} (You found it on level 5 of the Dungeon)
  2423 | D:5      | Noticed a sky beast
  2431 | D:5      | Killed a sky beast
  2431 | D:5      | Reached XP level 6. HP: 38/48 MP: 6/6
  2435 | D:5      | Gained mutation: Your spells are a little harder to cast, but a little more powerful. [mutagenic meat]
  2436 | D:5      | Lost mutation: Your spells are a little harder to cast, but a little more powerful. [mutagenic meat]
  2437 | D:5      | Gained mutation: You have sharp toenails. [mutagenic meat]
  2440 | D:5      | Gained mutation: Your flesh is heat resistant. [mutagenic meat]
  2474 | D:5      | Noticed an ogre
  2485 | D:5      | Killed an ogre
  2504 | D:5      | Found a staircase to the Ecumenical Temple.
  2514 | Temple   | Entered the Ecumenical Temple
  2686 | Temple   | Became a worshipper of Cheibriados the Contemplative
  2750 | D:5      | Reached XP level 7. HP: 46/54 MP: 7/7
  3093 | D:4      | Reached skill level 5 in Armour
  3189 | D:4      | Reached skill level 5 in Shields
  3238 | D:4      | Reached * piety under Cheibriados
  3271 | D:4      | Found a shadowy altar of Dithmenos.
  3357 | D:4      | Found Zin's Purification Station.
  3360 | D:4      | Found a glowing silver altar of Zin.
  3411 | D:4      | Found a shimmering altar of Xom.
  3467 | D:4      | Reached XP level 8. HP: 57/61 MP: 8/8
  3508 | D:4      | Reached skill level 1 in Stealth
  3827 | D:4      | Found a sparkling altar of Nemelex Xobeh.
  3832 | D:4      | Got a smoking plate armour
  3844 | D:4      | Identified the cursed +1 plate armour of Pathos {Int+4} (You found it on level 4 of the Dungeon)
  4208 | D:3      | Found an iron altar of Okawaru.
  4313 | D:5      | Found an ancient bone altar of Kikubaaqudgha.
  4370 | D:5      | Was placed under penance by Cheibriados
  4370 | D:5      | Was forgiven by Cheibriados
  4370 | D:5      | Reached skill level 6 in Armour
  4862 | D:6      | Was placed under penance by Cheibriados
  4867 | D:6      | Was forgiven by Cheibriados
  4882 | D:6      | Found a sacrificial altar of Ru.
  5066 | D:6      | Was placed under penance by Cheibriados
  5082 | D:6      | Was forgiven by Cheibriados
  5082 | D:6      | Reached skill level 5 in Fighting
  5417 | D:7      | Reached skill level 7 in Shields
  5417 | D:7      | Reached XP level 9. HP: 51/68 MP: 9/9
  5531 | D:7      | Reached skill level 5 in Dodging
  5570 | D:7      | Reached ** piety under Cheibriados
  5772 | D:7      | Reached skill level 8 in Shields
  5955 | D:7      | Found a sand-covered staircase.
  6060 | D:7      | Found a burning altar of Makhleb.
  6375 | D:8      | Reached skill level 9 in Shields
  6527 | D:8      | Reached *** piety under Cheibriados
  6667 | D:8      | Reached XP level 10. HP: 76/76 MP: 10/10
  6737 | D:8      | Reached skill level 5 in Axes
  6770 | D:8      | Reached skill level 10 in Shields
  6832 | D:8      | Reached **** piety under Cheibriados
  7672 | D:8      | Reached skill level 1 in Invocations
  8335 | D:9      | Reached ***** piety under Cheibriados
  8345 | D:9      | Found Cuany's General Store.
  8419 | D:9      | Reached XP level 11. HP: 76/83 MP: 12/12
  8419 | D:9      | Reached skill level 11 in Shields
  8954 | D:10     | Entered Level 10 of the Dungeon
  9014 | D:10     | Found a staircase to the Orcish Mines.
  9059 | D:10     | Noticed Joseph
  9083 | D:10     | Killed Joseph
  9086 | D:10     | HP: 3/84 [yak (9)]
  9464 | D:10     | Reached ****** piety under Cheibriados
  9977 | D:11     | Noticed Harold
  9981 | D:11     | Noticed a green ugly thing
 10217 | D:11     | Killed Harold
 10365 | D:11     | Found a staircase to the Lair.
 10375 | D:11     | Noticed a brown ugly thing
 10375 | D:11     | Noticed a brown ugly thing
 10378 | D:11     | Noticed a cyclops
 10398 | D:10     | Killed a purple ugly thing
 10402 | D:10     | Killed a red ugly thing
 10689 | D:11     | Killed a cyclops
 10689 | D:11     | Reached XP level 12. HP: 92/92 MP: 15/15
 11063 | D:12     | Found Uptoc's Book Shop.
 11149 | D:12     | Reached skill level 12 in Shields
 11363 | D:9      | Reached skill level 5 in Invocations
 11387 | D:9      | Bought a potion of beneficial mutation for 490 gold pieces
 11387 | D:9      | Gained mutation: You possess an exceptional clarity of mind. [potion of beneficial mutation]
 11399 | D:9      | Reached skill level 10 in Armour
 11399 | D:9      | Reached XP level 13. HP: 98/101 MP: 15/17
 11864 | D:12     | Got a slimy whip
 11865 | D:12     | Identified the +6 whip of Olipp {freeze, Str+5 Int+4 Dex-5} (You found it on level 12 of the Dungeon)
 12560 | D:13     | Reached skill level 10 in Fighting
 12569 | D:13     | Got a glittering bronze ring
 12572 | D:13     | Identified the ring "Ytaemor" {+/*Tele rElec rN+} (You found it on level 13 of the Dungeon)
 12581 | D:13     | Reached skill level 10 in Axes
 12586 | D:13     | Gained mutation: Your spells are a little harder to cast, but a little more powerful. [mutagenic meat]
 12587 | D:13     | Gained mutation: You are partially covered in thin metallic scales (AC +2). [mutagenic meat]
 13270 | D:13     | Reached XP level 14. HP: 77/111 MP: 16/19
 13407 | D:13     | Reached skill level 13 in Shields
 13466 | D:13     | Found a gate to the Vaults.
 14749 | D:14     | Noticed Josephine
 14752 | D:14     | Killed Josephine
 15259 | D:15     | Entered Level 15 of the Dungeon
 15299 | D:15     | Found a staircase to the Depths.
 16296 | Lair:1   | Entered Level 1 of the Lair of Beasts
 16311 | Lair:1   | Noticed Gastronok
 16337 | Lair:1   | Killed Gastronok
 16337 | Lair:1   | Reached XP level 15. HP: 75/119 MP: 13/21
 18049 | Lair:3   | Found a hole to the Spider Nest.
 18258 | Lair:3   | Got an encrusted leather armour
 18269 | Lair:3   | Identified the +2 leather armour "Issiase" {Str+3 Slay+5} (You found it on level 3 of the Lair of Beasts)
 18294 | Lair:3   | Reached skill level 14 in Shields
 20049 | Lair:5   | Reached skill level 10 in Dodging
 20886 | Lair:6   | Found a staircase to the Swamp.
 20901 | Lair:6   | Noticed Snorg
 20965 | Lair:6   | Killed Snorg
 21415 | Lair:7   | Found a staircase to the Slime Pits.
 21417 | Lair:7   | Found a viscous altar of Jiyva.
 22268 | Lair:8   | Entered Level 8 of the Lair of Beasts
 22285 | Lair:8   | Reached XP level 16. HP: 95/127 MP: 19/23
 22589 | Lair:8   | Got a slimy robe
 22600 | Lair:8   | Identified the cursed +0 robe of Tartarus {Int+8} (You found it on level 8 of the Lair of Beasts)
 22694 | Lair:8   | Reached skill level 10 in Invocations
 23690 | Orc:1    | Entered Level 1 of the Orcish Mines
 24613 | Orc:3    | Noticed Nergalle
 24625 | Orc:3    | Killed Nergalle
 25074 | Orc:4    | Entered Level 4 of the Orcish Mines
 25074 | Orc:4    | Noticed Gargoyl's ghost (journeyman DsAK)
 25101 | Orc:4    | Killed Gargoyl's ghost
 25352 | Orc:4    | Found a staircase to the Elven Halls.
 25569 | Orc:4    | Found Ykoif's Antique Armour Shop.
 25595 | Orc:4    | Found a roughly hewn altar of Beogh.
 25772 | Orc:4    | Found Fuciteke's Magic Scroll Emporium.
 25799 | Orc:4    | Bought a scroll of acquirement for 832 gold pieces
 25991 | Orc:4    | Found a roughly hewn altar of Beogh.
 26060 | Orc:4    | Found Lyuxat's Assorted Antiques.
 26147 | Orc:4    | Found Ixkeg's Food Shop.
 26154 | Orc:4    | Reached XP level 17. HP: 118/135 MP: 25/25
 26761 | Orc:4    | Got a translucent broad axe
 26762 | Orc:4    | Identified the +3 broad axe of Incongruity {chop, rC+} (You acquired it on level 4 of the Orcish Mines)
 27123 | Swamp:1  | Entered Level 1 of the Swamp
 27559 | Swamp:1  | Noticed Kloppie's ghost (journeyman OgFi)
 27574 | Swamp:1  | Killed Kloppie's ghost
 27671 | Swamp:1  | Learned a level 1 spell: Corona
 27675 | Swamp:1  | Learned a level 3 spell: Confuse
 27680 | Swamp:1  | Learned a level 4 spell: Alistair's Intoxication
 27685 | Swamp:1  | Learned a level 4 spell: Petrify
 27690 | Swamp:1  | Learned a level 4 spell: Condensation Shield
 27967 | Swamp:1  | Reached skill level 1 in Poison Magic
 28349 | Swamp:2  | Reached skill level 1 in Transmutations
 28994 | Swamp:2  | Reached skill level 1 in Spellcasting
 29092 | Swamp:2  | Learned a level 3 spell: Spider Form
 29105 | Swamp:2  | Reached skill level 15 in Shields
 30061 | Swamp:4  | Entered Level 4 of the Swamp
 30312 | Swamp:4  | Reached XP level 18. HP: 126/144 MP: 26/26
 30361 | Swamp:4  | Found a frozen archway.
 30380 | IceCv    | Entered an ice cave
 30730 | IceCv    | Noticed an Ice Fiend
 30739 | IceCv    | Killed an Ice Fiend
 31962 | Swamp:4  | Reached skill level 15 in Axes
 31971 | Swamp:4  | Reached skill level 5 in Poison Magic
 32161 | Swamp:4  | Got a decaying rune of Zot
 32497 | Swamp:1  | Reached skill level 5 in Transmutations
 32810 | Spider:1 | Entered Level 1 of the Spider Nest
 33693 | Spider:2 | Reached XP level 19. HP: 152/152 MP: 7/27
 33866 | Spider:2 | Got a silken robe
 33877 | Spider:2 | Identified the +1 robe "Ogidill" {Dex+2} (You found it on level 2 of the Spider Nest)
 33966 | Spider:2 | Noticed Aizul
 33982 | Spider:2 | Killed Aizul
 34708 | Spider:3 | Noticed Wiglaf
 34731 | Spider:3 | Killed Wiglaf
 35209 | Spider:4 | Entered Level 4 of the Spider Nest
 35367 | Spider:4 | Reached skill level 5 in Spellcasting
 35499 | Spider:4 | Slain by a jumping spider

Action                   |  1- 3 |  4- 6 |  7- 9 | 10-12 | 13-15 | 16-18 | 19-21 || total
-------------------------+-------+-------+-------+-------+-------+-------+-------++-------
Melee: War axe           |    12 |       |       |       |       |       |       ||    12
       Dagger            |    95 |   174 |   685 |       |       |       |       ||   954
       Spear             |       |       |    75 |   355 |       |       |       ||   430
       Short sword       |       |       |    37 |       |       |       |       ||    37
       Battleaxe         |       |       |       |   269 |   700 |  1201 |   316 ||  2486
       Whip              |       |       |       |       |   412 |   213 |       ||   625
Invok: Bend Time         |       |       |       |     6 |    10 |    19 |     3 ||    38
       Slouch            |       |       |       |     1 |       |       |     1 ||     2
 Abil: Dig               |       |       |       |     1 |     2 |       |       ||     3
       Evoke Flight      |       |       |       |       |       |     1 |       ||     1
  Use: Scroll            |       |     1 |     3 |    11 |    13 |    14 |     3 ||    45
       Potion            |       |       |       |     7 |       |     4 |     2 ||    13
 Stab: Paralysed         |       |       |     5 |       |       |       |       ||     5
       Invisible         |       |       |     3 |       |       |       |       ||     3
       Petrified         |       |       |       |       |     3 |       |       ||     3
       Sleeping          |       |       |       |       |     7 |    42 |     6 ||    55
       Distracted        |       |       |       |       |     4 |     9 |     3 ||    16
  Eat: Chunk             |     1 |    11 |     8 |     3 |    16 |    16 |       ||    55
       Fruit             |       |       |     1 |     1 |     7 |     5 |       ||    14
       Pizza             |       |       |       |     3 |       |     1 |       ||     4
       Royal jelly       |       |       |       |     1 |       |       |       ||     1
       Beef jerky        |       |       |       |       |     1 |       |       ||     1
       Bread ration      |       |       |       |       |       |     3 |     1 ||     4
